 Dungeon Crawl Stone Soup version 0.29-a0-872-g797fff5ad1 (webtiles) character file.

Game seed: 6780239556965423013

352 siradein the Trooper (level 6, -23/63 HPs)
             Began as an Ogre Fighter on July 19, 2022.
             Was a Follower of Hepliaklqana.
             Annihilated by an ogre
             ... wielding a +0 giant spiked club
              (24 damage)
             ... on level 4 of the Dungeon.
             The game lasted 00:08:16 (3554 turns).

siradein the Trooper (Ogre Fighter)                 Turns: 3554, Time: 00:08:17

Health: -23/63     AC:  6    Str: 23    XL:     6   Next: 62%
Magic:  6/6        EV:  8    Int:  9    God:    Hepliaklqana [*.....]
Gold:   118        SH:  7    Dex:  8    Spells: 5/5 levels left

rFire   . . .      SeeInvis .   a - +0 trident
rCold   + . .      Faith    .   c - +0 kite shield
rNeg    . . .      Spirit   .   f - +2 robe {rC+}
rPois   .          Reflect  .   (helmet restricted)
rElec   .          Harm     .   q - +0 cloak
rCorr   .          Rampage  .   (gloves unavailable)
Will    .....                   (boots unavailable)
Stlth   +.........              (no amulet)
HPRegen 0.20/turn               (no ring)
MPRegen 0.10/turn               (no ring)

@: no status effects
A: reduced essence, large, unfitting armour, tough skin 1
a: Renounce Religion, Recall Ancestor, Ancestor Identity


You were on level 4 of the Dungeon.
You worshipped Hepliaklqana.
Hepliaklqana was aware of your devotion.
You visited 1 branch of the dungeon, and saw 4 of its levels.
You also visited: Ossuary.

You collected 138 gold pieces.
You spent 20 gold pieces at shops.

Inventory:

Hand Weapons
 a - a +0 trident (weapon)
Missiles
 h - 31 stones (quivered)
Armour
 c - a +0 kite shield (worn)
 f - a +2 robe of cold resistance (worn)
 q - a +0 cloak (worn)
Jewellery
 b - an amulet of faith
 g - a ring of fire
 t - a ring of wizardry
Scrolls
 i - 7 scrolls of teleportation
 n - 4 scrolls of vulnerability {unknown}
 o - a scroll of enchant weapon {unknown}
 p - 3 scrolls of summoning {unknown}
 u - a scroll of blinking {unknown}
 y - a scroll of amnesia {unknown}
Potions
 d - a potion of might
 e - a potion of lignification
 j - 4 potions of curing
 k - 3 potions of mutation {unknown}
 l - 3 potions of brilliance {unknown}
 m - a potion of degeneration {unknown}
 r - 3 potions of heal wounds {unknown}
 s - a potion of attraction {unknown}
 v - a potion of berserk rage {unknown}
 w - a potion of magic {unknown}
 x - a potion of resistance {unknown}
 z - a potion of flight {unknown}


   Skills:
 + Level 7.1 Fighting
 + Level 4.9 Polearms
 - Level 2.8 Dodging
 - Level 3.1 Shields


You had 5 spell levels left.
You didn't know any spells.
Your spell library contained the following spells:

 Spells                   Type           Power      Damage    Failure   Level
 Summon Small Mammal      Summ           0%         N/A       67%         1
 Call Canine Familiar     Summ           0%         N/A       96%         3
 Summon Guardian Golem    Hex/Summ       0%         N/A       96%         3


Dungeon Overview and Level Annotations

Branches:
Dungeon (4/15)            Ossuary (visited)
 Temple: D:4-7

Altars:
Hepliaklqana
Ru

Shops:
D:2 ?*==   D:3 (


Innate Abilities, Weirdness & Mutations

Your life essence is reduced to manifest your ancestor. (-10% HP)
You are too large for most types of armour.
You have tough skin. (AC +1)


Message History

There is an open door here.
You open the door.
Found a club.
Found a stone staircase leading down.
There is an open door here.
You open the door.
An ogre comes into view. It is wielding a +0 giant spiked club.
The ogre shouts!
Found a stone staircase leading down.
An ogre is nearby!
You reach to attack!
You barely miss the ogre.
Fuqu hits the ogre.
You barely miss the ogre.
The ogre is lightly wounded.
Fuqu hits the ogre.
The ogre hits you with a +0 giant spiked club!!
You barely miss the ogre.
The ogre is lightly wounded.
Fuqu closely misses the ogre.
You block the ogre's attack.
Fuqu hits the ogre.
You hit the ogre but do no damage.
The ogre is moderately wounded.
Fuqu hits the ogre.
The ogre hits you with a +0 giant spiked club!!
Ouch! That really hurt!
* * * LOW HITPOINT WARNING * * *
You are too injured to fight recklessly!
You are too injured to fight recklessly!
You are too injured to fight recklessly!
Fuqu hits the ogre.
Reach: a) +0 trident
Press: ? - help, Dir - move target, f/p - ogre
Aim: an ogre, wielding a +0 giant spiked club (heavily wounded, ally target, about 26% to evade your +0 trident)
You reach to attack!
You barely miss the ogre.
The ogre is heavily wounded.
Fuqu hits the ogre.
Reach: a) +0 trident
Press: ? - help, Dir - move target, f/p - ogre
Aim: an ogre, wielding a +0 giant spiked club (severely wounded, not watching you, ally target, about 26% to evade your +0 trident)
You hit the ogre but do no damage.
The ogre is severely wounded.
The ogre hits you with a +0 giant spiked club!!
You die...

#...#....# #..)#....# ####
>..#...## #...
#####..#...######...
#..##..#............ #+##
#......##..##..##... .....
#......###+##..##...
......#R.....'...##..##...
....>.'.O@...#............
......#......#............
##### ####################


You could see the friendly Fuqu the ancestor and an ogre (ally target).

Vanquished Creatures
  A centaur zombie (Ossuary)
  Terence (D:2)
  2 hound zombies (Ossuary)
  2 mummies (Ossuary)
  3 adders
  3 gnolls (D:3)
  3 worms
  3 adder zombies (Ossuary)
  A dart slug (D:1)
  2 orcs (D:3)
  6 endoplasms
  3 giant cockroaches
  6 goblins
  2 hobgoblins
  9 kobolds
  2 quokkas (D:3)
  4 ball pythons
  5 bats
  5 hobgoblin zombies (Ossuary)
  A jackal zombie (Ossuary)
  2 kobold zombies (Ossuary)
  5 orc zombies (Ossuary)
  2 quokka zombies (Ossuary)
  5 rats
  2 rat zombies (Ossuary)
80 creatures vanquished.

Vanquished Creatures (collateral kills)
  A human zombie (Ossuary)
  A centaur zombie (Ossuary)
  A mummy (Ossuary)
  An adder (D:4)
  A giant cockroach (D:4)
  2 gnoll zombies (Ossuary)
  2 hobgoblin zombies (Ossuary)
  2 jackal zombies (Ossuary)
  A kobold zombie (Ossuary)
12 creatures vanquished.

Grand Total: 92 creatures vanquished

Notes
Turn   | Place    | Note
-------+----------+-------------------------------------------
     0 | D:1      | siradein the Ogre Fighter began the quest for the Orb.
     0 | D:1      | Reached XP level 1. HP: 24/24 MP: 1/1
   347 | D:1      | Reached XP level 2. HP: 32/32 MP: 2/2
   607 | D:2      | Found a hazy altar of Hepliaklqana.
   622 | D:2      | Found Vaxkec's General Store.
   652 | D:2      | Found Exziukho's Magic Scroll Emporium.
   707 | D:2      | Bought a scroll of identify for 20 gold pieces
   824 | D:2      | Reached XP level 3. HP: 40/40 MP: 3/3
   977 | D:2      | Noticed Terence
  1013 | D:2      | Killed Terence
  1014 | D:2      | Reached skill level 5 in Fighting
  1203 | D:2      | Found Jurituj's Jewellery Shop.
  1297 | D:2      | Found Nimimn's Jewellery Shop.
  1301 | D:2      | Reached XP level 4. HP: 50/50 MP: 4/4
  1508 | D:2      | Became a worshipper of Hepliaklqana the Forgotten
  1708 | D:3      | Found Saypael's Weapon Shop.
  1822 | D:3      | Found a sacrificial altar of Ru.
  2084 | D:3      | Reached XP level 5. HP: 22/59 MP: 5/5
  2714 | D:3      | Reached * piety under Hepliaklqana
  2945 | D:4      | Found a sand-covered staircase.
  2950 | Ossuary  | Entered an ossuary
  2961 | Ossuary  | Reached skill level 6 in Fighting
  3121 | Ossuary  | Reached XP level 6. HP: 60/61 MP: 6/6
  3317 | Ossuary  | Reached skill level 7 in Fighting
  3551 | D:4      | HP: 1/63 [ogre/+0 giant spiked club (33)]
  3554 | D:4      | Annihilated by an ogre

Illustrated notes

Levels and vault maps discovered:
D:1:      dpeg_arrival_tiny_c, layout_loops_ring
D:2:      layout_rooms, serial_curves, eino_curves_03, eino_curves_02,
          basic_altar, serial_shops, nicolae_square_shop,
          nicolae_shop_waterfront, nicolae_shop_crystal, shop_fountains,
          kennysheep_donut, nrook_uturn, uniq_terence
D:3:      layout_basic, lemuel_doored_altar, serial_shops,
          nicolae_shop_bloodbath_and_beyond, serial_rivers,
          chequers_serial_rivers_micro_b, chequers_serial_rivers_micro_b,
          chequers_serial_rivers_small_a, chequers_serial_rivers_large_b,
          chequers_serial_rivers_micro_d, grunt_ministairs_7, minmay_circle_x
D:4:      layout_gridville, nicolae_dithmenos_the_darkroom,
          amcnicky_altar_gilded, minmay_temple_entry_antechambers,
          enter_ossuary_2

Skill      XL: |  1  2  3  4  5  6 |
---------------+-------------------+-----
Fighting       | 5 6 7 |  7.1
Polearms       | 3 4 |  4.9
Dodging        | |  2.8
Shields        | |  3.1

Action                   |  1- 3 |  4- 6 || total
-------------------------+-------+-------++-------
Melee: Trident           |    89 |   216 ||   305
Throw: Stone             |       |     4 ||     4
Invok: Ancestor Identity |       |     1 ||     1
  Use: Scroll            |     4 |       ||     4
 Stab: Distracted        |       |     1 ||     1
       Sleeping          |       |     1 ||     1
Armor: Robe              |    22 |    70 ||    92
Dodge: Dodged            |    27 |    54 ||    81
Block: Kite shield       |    31 |    65 ||    96

Table legend: (Time is in decaauts)
 A = Elapsed time spent in this place.
 B = Non-inter-level travel time spent in this place.
 C = Inter-level travel time spent in this place.
 D = Time resting spent in this place.
 E = Time spent auto-exploring this place.
 F = Levels seen in this place.
 G = Mean time per level.
                   A        B        C        D        E       F      G
               +--------+--------+--------+--------+--------+-----+--------+
         Total |   3662 |   3589 |     73 |      0 |   2878 |   5 |  732.4 |
       Dungeon |   3246 |   3173 |     73 |      0 |   2635 |   4 |  811.5 |
       Ossuary |    415 |    415 |      0 |      0 |    243 |   1 |  415.0 |
               +--------+--------+--------+--------+--------+-----+--------+

Top non-repeatable levels by time:
     D:3: 1447 daAuts
     D:2: 941 daAuts
     D:1: 612 daAuts
 Ossuary: 415 daAuts
     D:4: 246 daAuts
